 Dungeon Crawl Stone Soup version 0.32-a0-612-g1c984fe9d1 (webtiles) character file.

Game seed: 2367482550776658230

701 jlumianski the Ruffian (level 7, -4/53 HPs)
             Began as a Gnoll Shapeshifter on Mar 5, 2024.
             Slain by Duvessa
             ... wielding a +0 short sword
              (16 damage)
             ... on level 4 of the Dungeon.
             The game lasted 00:22:07 (3988 turns).

jlumianski the Ruffian (Gnoll Shapeshifter)         Turns: 3988, Time: 00:22:07

Health: -4/53      AC:  9    Str: 18      XL:     7   Next: 66%
Magic:  11/11      EV:  9    Int: 11 (13) God:
Gold:   252        SH:  0    Dex:  9      Spells: 11/11 levels left

rFire   . . .        I - +2 quarterstaff of Ignis {flame, Will++ Str+3 Int+3 Dex-2}
rCold   . . .        (shield currently unavailable)
rNeg    + . .        n - +0 chain mail
rPois   .            (helmet currently unavailable)
rElec   .            (cloak currently unavailable)
rCorr   .            (gloves currently unavailable)
SInv    .            (boots currently unavailable)
Will    ++...        (no amulet) Stlth
                     r - ring of positive energy
HPRegen 0.28/turn    (no ring)
MPRegen 0.12/turn

%: no passive effects
@: beast-form, studying Short Blades
A: beast (slay +4), fangs 1, strong nose, distributed training
a: Begin Untransformation


You were on level 4 of the Dungeon.
You were a hulking beast.
You visited 1 branch of the dungeon, and saw 5 of its levels.

You collected 252 gold pieces.

Inventory:

Hand Weapons
 C - a +2 hand axe of flaming
 I - the +2 quarterstaff of Ignis (weapon) {flame, Will++ Str+3 Int+3 Dex-2}
   (You found it on level 4 of the Dungeon)

   Str+3:     It affects your strength (+3).
   Int+3:     It affects your intelligence (+3).
   Dex-2:     It affects your dexterity (-2).
   Will++:    It greatly increases your willpower.
 J - a +3 sling
Missiles
 e - 5 poisoned darts
 f - 3 javelins (quivered)
 w - 7 boomerangs
Armour
 a - a +0 animal skin
 n - a +0 chain mail (worn)
 o - a +1 pair of gloves
 v - a +0 pair of boots
 y - a scarf of shadows
 A - a +3 leather armour
 E - a +0 tower shield
Jewellery
 r - a ring of positive energy (left hand)
 z - a +5 ring of evasion
Talismans
 c - a beast talisman (active)
 d - a flux talisman
Wands
 t - a wand of digging (5)
Scrolls
 g - 3 scrolls of identify {unknown}
 i - a scroll of torment {unknown}
 j - 2 scrolls of enchant weapon {unknown}
 k - 3 scrolls of enchant armour
 m - 2 scrolls of teleportation
 s - a scroll of amnesia {unknown}
 u - a scroll of fear {unknown}
 D - 2 scrolls of fog {unknown}
Potions
 b - 3 potions of lignification
 h - 3 potions of curing
 l - a potion of berserk rage
 p - 4 potions of degeneration
 q - 3 potions of brilliance
 x - a potion of invisibility
 B - a potion of heal wounds
 F - a potion of haste {unknown}
 G - a potion of enlightenment {unknown}
 H - a potion of magic


   Skills:
 + Level 3.8 Fighting
 + Level 3.2 Short Blades
 + Level 2.7 Long Blades
 + Level 2.7 Axes
 + Level 2.7 Maces & Flails
 + Level 2.7 Polearms
 + Level 2.7 Staves
 + Level 2.7 Ranged Weapons
 + Level 2.7 Throwing
 + Level 2.7 Armour
 + Level 5.4 Dodging
 + Level 2.7 Stealth
 + Level 2.7 Shields
 + Level 7.1 Unarmed Combat
 + Level 2.7 Spellcasting
 + Level 2.2 Conjurations
 + Level 2.2 Hexes
 + Level 2.2 Summonings
 + Level 2.2 Necromancy
 + Level 2.2 Translocations
 + Level 2.2 Fire Magic
 + Level 2.2 Ice Magic
 + Level 2.2 Air Magic
 + Level 2.2 Earth Magic
 + Level 2.2 Alchemy
 + Level 3.0 Invocations
 + Level 2.7 Evocations
 + Level 7.0 Shapeshifting


You had 11 spell levels left.
You didn't know any spells.
Your spell library contained the following spells:

 Spells                   Type           Power      Damage    Failure   Level
 Freeze                   Ice            24%        1d4       71%         1
 Slow                     Hex            24%        N/A       71%         1
 Lesser Beckoning         Tloc           12%        N/A       83%         2
 Confusing Touch          Hex            6%         N/A       97%         3
 Frozen Ramparts          Ice            12%        1d2       97%         3
 Gell's Gravitas          Tloc           6%         N/A       97%         3
 Hailstorm                Conj/Ice       6%         3d5       97%         3
 Sigil of Binding         Hex            6%         N/A       97%         3
 Teleport Other           Tloc           6%         N/A       97%         3
 Vampiric Draining        Necr           6%         2d6       97%         3


Dungeon Overview and Level Annotations

Branches:
Dungeon (5/15)
 Temple: D:4-7

Altars:

Shops:
D:3 (

Annotations:
D:4 Duvessa


Innate Abilities, Weirdness & Mutations

You are a hulking beast.
Your limbs bulge with bestial killing power. (Slay +4)
You have very sharp teeth.
Your uncanny sense of smell can sniff out nearby items.
Your experience applies equally to all skills.


Message History

You feel your strength returning.
Items here: ) [ ††.
Items here: ) [ ††.
Okay, then.
Unknown command.
There is a stone staircase leading up here.
You start resting.
HP restored.
Items here: ) [ ††.
Duvessa is nearby!
Throw: 5 javelins
Press: ? - help, Q - select action, (/) - cycle Shift-Dir - straight line, f - Duvessa
Aim: Duvessa, wielding a +0 short sword, wearing a +0 chain mail and carrying a wand of flame (wandering, hasn't noticed you, 70% to hit)
You throw a javelin.
Duvessa shouts!
The javelin pierces through Duvessa.
Duvessa is lightly wounded.
Duvessa goes berserk!
Throw: 4 javelins
Press: ? - help, Q - select action, (/) - cycle Shift-Dir - straight line, f/p - Duvessa
Aim: Duvessa, wielding a +0 short sword, wearing a +0 chain mail and carrying a wand of flame (lightly wounded, berserk, 70% to hit)
You throw a javelin. The javelin pierces through Duvessa!
Duvessa is moderately wounded.
You closely miss Duvessa. You bite Duvessa, but do no damage.
Duvessa is moderately wounded.
Duvessa hits you with a +0 short sword. Duvessa hits you but does no damage.
You sock Duvessa! You burn Duvessa.
Duvessa is heavily wounded.
Duvessa hits you with a +0 short sword! Duvessa barely misses you.
You hit Duvessa but do no damage.
Duvessa is heavily wounded.
Duvessa hits you with a +0 short sword!
You hit Duvessa but do no damage.
Duvessa is heavily wounded.
Duvessa hits you with a +0 short sword. x2
* * * LOW HITPOINT WARNING * * *
You hit Duvessa. You burn Duvessa.
Duvessa is severely wounded.
Duvessa hits you with a +0 short sword!
You die...

.....###
#.#.......#.#.#
.....#
S..######.#.#.#
.....# ...
###.#.#.#
.....# e...
#((.#.#.#
.....# ....
#)###.#)#
.....#
#.#..<#.#
.....#
#.#.#.#.#
#+####
#e#.#.#.#
#h#.#.#.#
#.#...#.#
#.#####.#
#.......#
#########


You could see Duvessa (berserk).

Vanquished Creatures
  Sigmund (D:2)
  A scorpion (D:4)
  Dowan (D:4)
  A bombardier beetle (D:3)
  3 orc priests (D:4)
  A jelly (D:4)
  2 orc wizards (D:4)
  5 gnolls (D:4)
  5 adders
  A ribbon worm (D:4)
  A dart slug (D:1)
  11 orcs
  2 ball pythons
  9 endoplasms
  5 giant cockroaches
  16 hobgoblins
  13 jackals
  9 kobolds
  7 quokkas
  2 bats
  4 frilled lizards
  13 goblins
  7 rats
120 creatures vanquished.

Notes
Turn   | Place    | Note
-------+----------+-------------------------------------------
     0 | D:1      | jlumianski the Gnoll Shapeshifter began the quest for the
                  | Orb.
     0 | D:1      | Reached XP level 1. HP: 17/17 MP: 1/1
   140 | D:1      | Reached XP level 2. HP: 23/23 MP: 2/2
   520 | D:1      | Reached XP level 3. HP: 28/28 MP: 3/3
   752 | D:1      | Reached skill level 1 in Invocations
   971 | D:2      | Noticed Sigmund
   981 | D:2      | Killed Sigmund
   982 | D:2      | Reached skill level 1 in Short Blades
   982 | D:2      | Reached skill level 1 in Long Blades
   982 | D:2      | Reached skill level 1 in Axes
   982 | D:2      | Reached skill level 1 in Maces & Flails
   982 | D:2      | Reached skill level 1 in Polearms
   982 | D:2      | Reached skill level 1 in Staves
   982 | D:2      | Reached skill level 1 in Ranged Weapons
   982 | D:2      | Reached skill level 1 in Throwing
   982 | D:2      | Reached skill level 1 in Armour
   982 | D:2      | Reached skill level 1 in Stealth
   982 | D:2      | Reached skill level 1 in Shields
   982 | D:2      | Reached skill level 1 in Spellcasting
   982 | D:2      | Reached skill level 1 in Conjurations
   982 | D:2      | Reached skill level 1 in Hexes
   982 | D:2      | Reached skill level 1 in Summonings
   982 | D:2      | Reached skill level 1 in Necromancy
   982 | D:2      | Reached skill level 1 in Translocations
   982 | D:2      | Reached skill level 1 in Fire Magic
   982 | D:2      | Reached skill level 1 in Ice Magic
   982 | D:2      | Reached skill level 1 in Air Magic
   982 | D:2      | Reached skill level 1 in Earth Magic
   982 | D:2      | Reached skill level 1 in Alchemy
   982 | D:2      | Reached skill level 1 in Evocations
   982 | D:2      | Reached XP level 4. HP: 18/35 MP: 4/6
   982 | D:2      | Reached XP level 5. HP: 21/41 MP: 4/7
  1241 | D:3      | Found Uzianuohi's Weapon Shoppe.
  1349 | D:3      | Reached XP level 6. HP: 47/47 MP: 8/8
  2124 | D:3      | Reached skill level 5 in Dodging
  2947 | D:5      | Entered Level 5 of the Dungeon
  3167 | D:4      | Reached XP level 7. HP: 29/52 MP: 10/10
  3566 | D:4      | Identified the +2 quarterstaff of Ignis {flame, Will++
                  | Str+3 Int+3 Dex-2}
  3777 | D:4      | Noticed Dowan
  3785 | D:4      | Noticed Duvessa
  3826 | D:4      | Killed Dowan
  3988 | D:4      | Slain by Duvessa

Illustrated notes

Levels and vault maps discovered:
D:1:      lemuel_arrival_lava_pool, layout_basic
D:2:      layout_basic, minmay_misc_feat_pillars, uniq_sigmund
D:3:      layout_basic, serial_shops, shop, kennysheep_crisscross,
          minmay_unequal
D:4:      corexii_shantytown, layout_basic, uniq_duvessa, uniq_ijyb, uniq_pikel
D:5:      layout_gridville

Skill      XL: |  1  2  3  4  5  6  7 |
---------------+----------------------+-----
Invocations    | 1 2 3 |  3.0
Fighting       | 3 |  3.8
Short Blades   | 1 2 3 |  3.2
Long Blades    | 1 2 |  2.7
Axes           | 1 2 |  2.7
Maces & Flails | 1 2 |  2.7
Polearms       | 1 2 |  2.7
Staves         | 1 2 |  2.7
Ranged Weapons | 1 2 |  2.7
Throwing       | 1 2 |  2.7
Armour         | 1 2 |  2.7
Stealth        | 1 2 |  2.7
Shields        | 1 2 |  2.7
Spellcasting   | 1 2 |  2.7
Conjurations   | 1 2 |  2.2
Hexes          | 1 2 |  2.2
Summonings     | 1 2 |  2.2
Necromancy     | 1 2 |  2.2
Translocations | 1 2 |  2.2
Fire Magic     | 1 2 |  2.2
Ice Magic      | 1 2 |  2.2
Air Magic      | 1 2 |  2.2
Earth Magic    | 1 2 |  2.2
Alchemy        | 1 2 |  2.2
Evocations     | 1 2 |  2.7
Dodging        | 5 |  5.4
Unarmed Combat | 7 |  7.1
Shapeshifting  | 7 |  7.0

Action                     |  1- 3 |  4- 6 |  7- 9 || total
---------------------------+-------+-------+-------++-------
  Melee: Unarmed           |    72 |   107 |    57 ||   236
         Bite              |     1 |     7 |     5 ||    13
         Punch             |     1 |     1 |     1 ||     3
         Quarterstaff      |       |       |    40 ||    40
  Throw: Javelin           |       |     6 |     2 ||     8
    Use: Potion            |       |     6 |     3 ||     9
         Scroll            |       |       |     2 ||     2
 Armour: Animal skin       |    18 |       |       ||    18
         Chain mail        |    23 |    71 |    67 ||   161
  Dodge: Dodged            |    30 |    34 |    27 ||    91

Table legend: (Time is in decaauts)
 A = Elapsed time spent in this place.
 B = Non-inter-level travel time spent in this place.
 C = Inter-level travel time spent in this place.
 D = Time resting spent in this place.
 E = Time spent auto-exploring this place.
 F = Levels seen in this place.
 G = Mean time per level.
                   A        B        C        D        E       F      G
               +--------+--------+--------+--------+--------+-----+--------+
         Total |   3980 |   3822 |    158 |    209 |   1486 |   5 |  796.0 |
       Dungeon |   3980 |   3822 |    158 |    209 |   1486 |   5 |  796.0 |
               +--------+--------+--------+--------+--------+-----+--------+

Top non-repeatable levels by time:
     D:4: 1231 daAuts
     D:1: 906 daAuts
     D:3: 893 daAuts
     D:2: 861 daAuts
     D:5: 87 daAuts
